cohdb
Replays
Latest Replays
All Replays
Popular Replays
Top Player Replays
Match Explorer
How It Works
Community
CoH3 Stats
Reddit
Sign in to upload your games and track your stats! →
Sign in with Steam
Match 46090533
Unlisted
Match 46090533
Overview
Messages
Build Orders
End
Kradschützen Motorcycle Team
Panzergrenadier Squad
Panzergrenadier Squad
Construct Light Support Kompanie
Assault Grenadier Squad
Panzerjäger Squad
Assault Mechanized Group
2.5-tonne Medical Truck
Fire Support Elements
Pak 38 Anti-tank Gun Team
Selects Armored Support Battlegroup
Selects Salvage Kits
Construct Panzerarmee Kommand
Selects Veteran Gunners
Panzer III L Medium Tank
Nostalgi@
stmodst
0
0
Comments
sign in to comment!
No comments posted yet!